 Dungeon Sprint DCSS version 0.19.4-9-g45fd643 (webtiles) character file.

93 equalderp2856 the Shield-Bearer (level 4, 0/40 HPs)
             Began as a Formicid Fighter on Feb 18, 2017.
             Slain by an unseen horror (8 damage)
             ... in the Dungeon (Sprint IX: "|||||||||||||||||||||||||||||").
             The game lasted 00:00:48 (244 turns).

equalderp2856 the Shield-Bearer (Formicid Fighter)   Turns: 244, Time: 00:00:48

Health: 0/40       AC:  7    Str: 21    XL:     4   Next: 91%
Magic:  4/4        EV:  9    Int:  8    God:
Gold:   0          SH: 10    Dex: 10    Spells: 0 memorised, 3 levels left

rFire  . . .     SeeInvis +     a - +0 war axe
rCold  . . .     Gourm    .     b - +0 scale mail
rNeg   . . .     Faith    .     c - +0 shield
rPois  .         Spirit   .     (helmet unavailable)
rElec  .         Reflect  .     (no cloak)
rCorr  .         Harm     .     (no gloves)
MR     .....                    (no boots)
Stlth  ..........               (no amulet)
                                (no ring)
                                (no ring)

@: no status effects
A: permanent stasis, dig shafts and tunnels, four strong arms, antennae 3
a: Dig


You were in the Dungeon.
You were not hungry.

You visited 1 branch

Inventory:

Hand Weapons
 a - a +0 war axe (weapon)
Armour
 b - a +0 scale mail (worn)
 c - a +0 shield (worn)
Jewellery
 p - a +2 ring of protection
 q - a +2 ring of protection
Wands
 o - a wand of lightning (7/15)
Scrolls
 k - 2 scrolls of blinking
 m - 3 scrolls of remove curse
 n - 2 scrolls of amnesia
Potions
 d - a potion of might
 e - 5 potions of curing
 g - a potion of heal wounds
 h - a potion of haste
 i - 4 potions of magic
 j - a potion of berserk rage
 l - a potion of invisibility
Comestibles
 f - a bread ration


   Skills:
 + Level 6.0 Fighting
 + Level 4.6 Axes
 + Level 5.5 Armour
 + Level 0.6 Dodging
 + Level 6.1 Shields


You had 3 spell levels left.
You didn't know any spells.

Dungeon Overview and Level Annotations

Branches:
Dungeon (1/1)

Altars:
Cheibriados
Dithmenos
Elyvilon
Fedhas
Gozag
Hepliaklqana
Kikubaaqudgha
Makhleb
Nemelex Xobeh
Okawaru
Qazlal
Ru
Sif Muna
Trog
Uskayaw
Vehumet
Xom
Yredelemnul
Zin
The Shining One
Beogh
Jiyva
Lugonu


Innate Abilities, Weirdness & Mutations

You are under a permanent stasis effect.
You can dig through walls and to a lower floor.
Your four strong arms can wield two-handed weapons with a shield.
You have a pair of large antennae on your head. (SInv)


Message History

* * * LOW HITPOINT WARNING * * *
You feel much better. You block the unseen horror's attack.
You block the unseen horror's attack. x2
You block the unseen horror's attack.
You see here a +1 chain mail.
You block the unseen horror's attack. The unseen horror barely misses you.
You see here a +0 pair of gloves.
The unseen horror hits you but does no damage.
You see here a +0 helmet.
The unseen horror barely misses you.
Items here: ))))))
The unseen horror hits you!
You see here an uncursed staff of energy.
The unseen horror barely misses you. The unseen horror hits you.
* * * LOW HITPOINT WARNING * * *
You block the unseen horror's attack. You block the unseen horror's attack.
The unseen horror closely misses you.
There is an open door here.
You barely miss the unseen horror. The unseen horror hits you!
You die... ▓▓▓▓▓▓▓▓▓▓▓▓▓▓▓▓▓▓▓▓▓▓▓▓▓▓▓▓▓▓▓▓▓ .h..h.'J.[Fa)Z.x@._______________ ▓▓▓▓▓▓▓▓▓▓▓▓▓▓▓▓▓▓▓▓▓▓▓▓▓▓▓▓▓▓▓▓▓ {{{{{{{{ {{{{{{{{{ {{{{{{ {

You could see an unseen horror (invisible), a bullfrog, a worker ant and an adder zombie.

Vanquished Creatures
  An orc wizard (D)
  An adder zombie (D)
  A dart slug (D)
  A leopard gecko (D)
  A bat zombie (D)
  A goblin (D)
  A hobgoblin (D)
  A frilled lizard (D)
  A rat (D)
9 creatures vanquished.

Vanquished Creatures (others)
  A sky beast (D)
1 creature vanquished.

Grand Total: 10 creatures vanquished

Notes
Turn   | Place    | Note
-------+----------+-------------------------------------------
     0 | D        | equalderp2856 the Formicid Fighter began the quest for the Orb.
     0 | D        | Reached XP level 1. HP: 18/18 MP: 1/1
    12 | D        | Reached XP level 2. HP: 25/25 MP: 2/2
    20 | D        | Banished a spatial maelstrom
    34 | D        | Noticed a sky beast
    45 | D        | Killed a sky beast
    45 | D        | Reached skill level 5 in Fighting
    45 | D        | Reached skill level 5 in Armour
    45 | D        | Reached skill level 5 in Shields
    45 | D        | Reached XP level 3. HP: 24/34 MP: 3/3
    45 | D        | Reached XP level 4. HP: 28/40 MP: 4/4
   179 | D        | Found a roughly hewn altar of Beogh.
   179 | D        | Found a snail-covered altar of Cheibriados.
   179 | D        | Found a shadowy altar of Dithmenos.
   179 | D        | Found a white marble altar of Elyvilon.
   179 | D        | Found a blossoming altar of Fedhas.
   179 | D        | Found an opulent altar of Gozag.
   180 | D        | Found a hazy altar of Hepliaklqana.
   181 | D        | Found a viscous altar of Jiyva.
   182 | D        | Found an ancient bone altar of Kikubaaqudgha.
   183 | D        | Found a corrupted altar of Lugonu.
   184 | D        | Found a burning altar of Makhleb.
   185 | D        | Found a sparkling altar of Nemelex Xobeh.
   186 | D        | Found an iron altar of Okawaru.
   187 | D        | Found a stormy altar of Qazlal.
   188 | D        | Found a sacrificial altar of Ru.
   189 | D        | Found a deep blue altar of Sif Muna.
   190 | D        | Found a bloodstained altar of Trog.
   191 | D        | Found a hide-covered altar of Uskayaw.
   192 | D        | Found a radiant altar of Vehumet.
   193 | D        | Found a shimmering altar of Xom.
   194 | D        | Found a basalt altar of Yredelemnul.
   195 | D        | Found a glowing silver altar of Zin.
   196 | D        | Found a glowing golden altar of the Shining One.
   221 | D        | Noticed a bullfrog
   221 | D        | Noticed an unseen horror
   244 | D        | Slain by an unseen horror

Skill      XL: |  1  2  3  4 |
---------------+-------------+-----
Shields        | 4 5 6 |  6.1
Fighting       | 4 5 6 |  6.0
Armour         | 5 |  5.5
Axes           | 4 |  4.6
Dodging        | |  0.6

Action                   |  1- 3 |  4- 6 || total
-------------------------+-------+-------++-------
Melee: War axe           |    25 |    19 ||    44
  Use: Potion            |       |     2 ||     2
Armor: Scale mail        |     7 |     8 ||    15
Dodge: Dodged            |     7 |     8 ||    15
Block: Shield            |    14 |    20 ||    34
